 Dungeon Crawl Stone Soup version 0.31-a0-1147-g46bab52692 (webtiles) character file.

Game seed: 8102315832121028016

508 MacCMillion the Chopper (level 7, -1/57 HPs)
             Began as a Ghoul Fighter on Dec 7, 2023.
             Was an Initiate of Makhleb.
             Slain by a human zombie (2 damage)
             ... on level 7 of the Dungeon.
             The game lasted 00:06:04 (5357 turns).

MacCMillion the Chopper (Ghoul Fighter)             Turns: 5357, Time: 00:06:05

Health: -1/57      AC: 10    Str: 22    XL:     7   Next: 18%
Magic:  6/6        EV:  8    Int:  7    God:    Makhleb [......]
Gold:   222        SH:  4    Dex:  8    Spells: 6/6 levels left

rFire   . . .        a - +0 war axe
rCold   + . .        c - +0 buckler
rNeg    + + +        u - +0 chain mail
rPois   ∞            (no helmet)
rElec   .            (no cloak)
rCorr   .            e - +0 pair of gloves
SInv    .            (no boots)
Will    .....        (no amulet) Stlth
                     (no ring)
HPRegen 0.00/turn    (no ring)
MPRegen 0.10/turn

%: no passive effects
@: inhibited regen
A: claws 1, cold resistance 1, negative energy resistance 3, inhibited
regeneration, torment resistance 2, devour on kill
a: Renounce Religion


You were on level 7 of the Dungeon.
You worshipped Makhleb.
Makhleb was noncommittal.
You visited 2 branches of the dungeon, and saw 8 of its levels.

You collected 222 gold pieces.

Inventory:

Hand Weapons
 a - a +0 war axe (weapon)
 t - the +7 mace of the Hurtling Mosquito {freeze, rF- rC- Str+2 Int+7}
   (You took it off a kobold on level 3 of the Dungeon)

   Str+2:     It affects your strength (+2).
   Int+7:     It affects your intelligence (+7).
   rF-:       It makes you vulnerable to fire.
   rC-:       It makes you vulnerable to cold.
Missiles
 y - 6 boomerangs
 D - a throwing net
 F - 5 poisoned darts
Armour
 b - a +0 scale mail
 c - a +0 buckler (worn)
 e - a +0 pair of gloves (worn)
 j - the +2 cloak "Bikitz" {rC+ rCorr Str-5}
   (You found it on level 2 of the Dungeon)

   Str-5:     It affects your strength (-5).
   rC+:       It protects you from cold.
   rCorr:     It protects you from acid and corrosion.
 u - a +0 chain mail (worn)
Jewellery
 w - a ring of protection from fire
 E - the ring "Zang" {rElec rPois Str+3}
   (You found it on level 6 of the Dungeon)

   [ring of poison resistance]

   Str+3:     It affects your strength (+3).
   rElec:     It insulates you from electricity.
   rPois:     It protects you from poison
Wands
 p - a wand of flame (15)
 C - a wand of roots (11)
Scrolls
 f - 6 scrolls of identify {unknown}
 h - a scroll of revelation {unknown}
 k - 2 scrolls of teleportation {unknown}
 m - 2 scrolls of vulnerability {unknown}
 r - 2 scrolls of blinking {unknown}
 s - a scroll of brand weapon {unknown}
 x - a scroll of butterflies {unknown}
 z - a scroll of enchant weapon {unknown}
Potions
 d - 2 potions of might
 g - a potion of brilliance {unknown}
 i - a potion of degeneration {unknown}
 l - 2 potions of attraction {unknown}
 n - a potion of mutation {unknown}
 o - 2 potions of heal wounds {unknown}
 q - a potion of enlightenment {unknown}
 v - a potion of haste {unknown}
 A - 2 potions of magic {unknown}
 B - a potion of curing {unknown}


   Skills:
 - Level 3.2 Fighting
 + Level 6.3 Axes
 - Level 2.6 Armour
 - Level 4.0 Shields


You had 6 spell levels left.
You didn't know any spells.
Your spell library contained the following spells:

 Spells                   Type           Power      Damage    Failure   Level
 Slow                     Hex            0%         N/A       98%         1
 Ensorcelled Hibernation  Hex/Ice        0%         N/A       99%         2
 Jinxbite                 Hex            0%         N/A       99%         2
 Passwall                 Tmut/Erth      0%         N/A       99%         2
 Poisonous Vapours        Pois/Air       0%         N/A       99%         2
 Confusing Touch          Hex            0%         N/A       100%        3
 Gell's Gravitas          Tloc           0%         N/A       100%        3
 Mephitic Cloud           Conj/Pois/Air  0%         N/A       100%        3
 Sigil of Binding         Hex            0%         N/A       100%        3
 Swiftness                Air            0%         N/A       100%        3
 Teleport Other           Tloc           0%         N/A       100%        3
 Vampiric Draining        Necr           0%         2d6       100%        3
 Anguish                  Hex/Necr       0%         N/A       100%        4
 Freezing Cloud           Conj/Ice/Air   0%         6-21      100%        5
 Dispersal                Tloc           0%         N/A       100%        6


Dungeon Overview and Level Annotations

Branches:
Dungeon (7/15)             Temple (1/1) D:4

Altars:
Ashenzari
Cheibriados
Dithmenos
Fedhas
Gozag
Hepliaklqana
Kikubaaqudgha
Makhleb
Nemelex Xobeh
Okawaru
Qazlal
Ru
Sif Muna
Trog
Vehumet
Wu Jian
Xom
Yredelemnul

Portals:
Ossuary: D:7

Annotations:
D:3 1 runed translucent door, rigrig's ghost, amateur HOFi


Innate Abilities, Weirdness & Mutations

You are immune to poison.
You have sharp fingernails.
Your flesh is cold resistant. (rC+)
You are immune to negative energy. (rN+++)
You do not regenerate when monsters are visible.
You are immune to unholy pain and torment.
You thrive by killing the living.


Message History

You climb downwards.
You hear the hiss of flowing sand.
There is an entrance to an ossuary on this level.
Hurry and find it before the portal is buried!
A malevolent force fills the Dungeon... and a teleportation trap spontaneously manifests!
You are yanked towards some nearby monsters!
Your surroundings suddenly seem different.
A human zombie and a scorpion come into view.
Found a sand-covered staircase.
Unknown command.
An orc comes into view. It is wielding a +0 club.
The orc shouts!
You hear a croak.
You block the scorpion's attack.
You closely miss the scorpion. The scorpion stings you.
* * * LOW HITPOINT WARNING * * *
The scorpion barely misses you.
You slash the scorpion!
The scorpion is heavily wounded.
The scorpion stings you but does no damage.
An orc comes into view. It is wielding a +0 falchion.
The orc shouts!
You hit the scorpion but do no damage.
The scorpion is heavily wounded.
You barely miss the human zombie.
The scorpion stings you but does no damage.
The human zombie hits you.
* * * LOW HITPOINT WARNING * * *
The scorpion stings you but does no damage.
A bullfrog comes into view.
You barely miss the scorpion.
The scorpion is heavily wounded.
You closely miss the human zombie.
The bullfrog croaks.
The human zombie barely misses you.
The scorpion stings you but does no damage.
The orc hits you but does no damage.
You hit the scorpion.
The scorpion is heavily wounded.
You hit the orc. You slash the human zombie! The scorpion barely misses you.
The human zombie hits you.
You die...

...............
...............
...............
...............
...............
...............
...............
.......sZ......
.......@.......
.......o.......
...o...........
...............
..F............
.
...............
.
...............
.
...............
...............


You could see a bullfrog, a scorpion, 2 orcs and a human zombie.

Vanquished Creatures
  An ice beast (D:5)
  A phantom (D:5)
  A jelly (D:3)
  An orc priest (D:4)
  Natasha (twice) (D:2)
  An orc wizard (D:6)
  3 gnolls
  7 adders
  3 worms
  4 dart slugs
  10 orcs
  14 ball pythons
  8 endoplasms
  2 giant cockroaches
  4 goblins
  9 hobgoblins
  4 jackals (D:2)
  9 kobolds
  3 quokkas
  6 bats
  A frilled lizard (D:2)
  5 rats
99 creatures vanquished.

Notes
Turn   | Place    | Note
-------+----------+-------------------------------------------
     0 | D:1      | MacCMillion the Ghoul Fighter began the quest for the Orb.
     0 | D:1      | Reached XP level 1. HP: 19/19 MP: 0/0
    97 | D:1      | You fall into a shaft and drop 1 floor!
   188 | D:1      | Reached skill level 2 in Axes
   208 | D:1      | Reached XP level 2. HP: 26/26 MP: 1/1
   618 | D:1      | Reached XP level 3. HP: 30/31 MP: 2/2
  1098 | D:2      | Identified the +2 cloak "Bikitz" {rC+ rCorr Str-5}
  1379 | D:2      | Reached XP level 4. HP: 36/38 MP: 3/3
  1396 | D:2      | Noticed Natasha
  1410 | D:2      | Killed Natasha
  1411 | D:2      | Reached skill level 3 in Axes
  1497 | D:2      | Identified the +4 spear of Veussut {holy, rCorr Int+3}
  1590 | D:2      | Noticed Natasha
  1597 | D:2      | Killed Natasha
  1598 | D:2      | Reached XP level 5. HP: 25/45 MP: 4/4
  2048 | D:3      | Found a runed translucent door.
  2161 | D:3      | Noticed rigrig's ghost (amateur HOFi)
  2193 | D:3      | Identified the +7 mace of the Hurtling Mosquito {freeze,
                  | rF- rC- Str+2 Int+7}
  2244 | D:3      | Reached skill level 4 in Axes
  3285 | D:4      | Reached XP level 6. HP: 40/51 MP: 5/5
  3549 | D:4      | Found a staircase to the Ecumenical Temple.
  3559 | Temple   | Entered the Ecumenical Temple
  3575 | Temple   | Became a worshipper of Makhleb the Destroyer
  3622 | D:4      | Reached skill level 5 in Axes
  3631 | D:5      | Entered Level 5 of the Dungeon
  4026 | D:5      | Noticed an ice beast
  4036 | D:5      | Killed an ice beast
  4037 | D:5      | Reached skill level 6 in Axes
  4037 | D:5      | Reached XP level 7. HP: 44/57 MP: 6/6
  4206 | D:5      | Found a broken altar of Ashenzari.
  4207 | D:5      | Found a radiant altar of Vehumet.
  5294 | D:6      | Identified the ring "Zang" {rElec rPois Str+3}
  5342 | D:7      | Found a sand-covered staircase.
  5353 | D:7      | HP: 2/57 [scorpion (4)]
  5357 | D:7      | Slain by a human zombie

Illustrated notes

Levels and vault maps discovered:
D:1:      lemuel_arrival_rhombus, layout_loops_ring
D:2:      layout_rooms, uniq_natasha
D:3:      layout_basic, ebering_ghost_sewer_d, dreamdust_mushroom_princess,
          minmay_misc_feat_tower, kennysheep_generic_room_8
D:4:      layout_basic, minmay_temple_entry_offerings
D:5:      layout_loops_cross, gammafunk_temple_overflow_statue
D:6:      layout_layer_cave, kennysheep_mini_moat, minmay_misc_feat_enclosed
D:7:      layout_basic, enter_ossuary_3, gammafunk_ghost_stat_death
Temple:   nicolae_temple_bog_church

Skill      XL: |  1  2  3  4  5  6 |
---------------+-------------------+-----
Axes           | 2 3 4 6 |  6.3
Shields        | 3 4 |  4.0
Fighting       | |  3.2
Armour         | |  2.6

Action                     |  1- 3 |  4- 6 |  7- 9 || total
---------------------------+-------+-------+-------++-------
  Melee: War axe           |   114 |   167 |    36 ||   317
  Evoke: Wand              |       |     1 |       ||     1
 Armour: Scale mail        |    99 |    40 |       ||   139
         Chain mail        |       |    68 |    48 ||   116
  Dodge: Dodged            |    62 |    64 |    26 ||   152
  Block: Buckler           |    26 |    27 |    10 ||    63

Table legend: (Time is in decaauts)
 A = Elapsed time spent in this place.
 B = Non-inter-level travel time spent in this place.
 C = Inter-level travel time spent in this place.
 D = Time resting spent in this place.
 E = Time spent auto-exploring this place.
 F = Levels seen in this place.
 G = Mean time per level.
                   A        B        C        D        E       F      G
               +--------+--------+--------+--------+--------+-----+--------+
         Total |   5494 |   5290 |    204 |    855 |   3463 |   8 |  686.8 |
       Dungeon |   5462 |   5283 |    179 |    855 |   3463 |   7 |  780.3 |
        Temple |     31 |      7 |     24 |      0 |      0 |   1 |   31.0 |
               +--------+--------+--------+--------+--------+-----+--------+

Top non-repeatable levels by time:
     D:4: 1294 daAuts
     D:5: 1158 daAuts
     D:1: 1085 daAuts
     D:3: 933 daAuts
     D:2: 915 daAuts
     D:6: 60 daAuts
  Temple: 31 daAuts
     D:7: 15 daAuts
